 Dungeon Crawl Stone Soup version 0.20.1-1-g8b1a95d (webtiles) character file.

65 slep the Skirmisher (level 3, -4/30 HPs)
             Began as a Demonspawn Wanderer on Oct 22, 2017.
             Slain by Crazy Yiuf
             ... wielding a +2 quarterstaff of chaos
              (8 damage)
             ... on level 2 of the Dungeon.
             The game lasted 00:10:14 (1268 turns).

slep the Skirmisher (Demonspawn Wanderer)           Turns: 1268, Time: 00:10:15

Health: -4/30      AC:  2    Str: 13    XL:     3   Next: 94%
Magic:  3/3        EV: 11    Int: 14    God:
Gold:   183        SH:  3    Dex: 11    Spells: 2/2 levels left

rFire    . . .     SeeInvis .   d - +0 falchion
rCold    . . .     Gourm    .   r - +0 buckler
rNeg     . . .     Faith    .   e - +0 robe
rPois    .         Spirit   .   (no helmet)
rElec    .         Reflect  .   (no cloak)
rCorr    .         Harm     .   (no gloves)
MR       +....                  (no boots)
Stlth    +.........             g - amulet of rage
Regen    0.1/turn               j - ring of protection from magic
MPRegen  0.1/turn               t - ring of wizardry

@: flying
A: spiny 1
a: Evoke Berserk Rage


You were on level 2 of the Dungeon.
You were not hungry.

You visited 1 branch of the dungeon, and saw 2 of its levels.

You collected 183 gold pieces.

Inventory:

Hand Weapons
 b - a +2 blowgun
 c - a +0 spear
 d - a +0 falchion (weapon)
Missiles
 a - 3 curare-tipped needles
 v - 8 poisoned needles
Armour
 e - a +0 robe (worn)
 r - a +0 buckler (worn)
Jewellery
 g - an amulet of rage (around neck)
 j - a ring of protection from magic (left hand)
 t - a ring of wizardry (right hand)
Scrolls
 i - a scroll of fog {unknown}
 l - 2 scrolls of identify {unknown}
 m - 2 scrolls of remove curse {unknown}
 q - 2 scrolls of teleportation {unknown}
 s - a scroll of random uselessness {unknown}
 w - a scroll of magic mapping {unknown}
 x - a scroll of fear {unknown}
Potions
 k - a potion of resistance
 u - a potion of brilliance {unknown}
Books
 p - a book of Misfortune

   Spells                             Type                      Level
   a - Confusing Touch                Hexes                        1
   b - Confuse                        Hexes                        3
   c - Gell's Gravitas                Translocation                3
   d - Petrify                        Transmutation/Earth          4
   e - Metabolic Englaciation         Hexes/Ice                    5
   f - Yara's Violent Unravelling     Hexes/Transmutation          5
Comestibles
 f - 2 bread rations
 n - 2 royal jellies
 o - a chunk of flesh
 z - a meat ration


   Skills:
 + Level 3.9 Fighting
   Level 1.7(2.5) Short Blades
 + Level 2.6(3.0) Long Blades
 + Level 1.0 Throwing
 + Level 1.3 Dodging
 + Level 0.6 Stealth
 + Level 1.0 Evocations


You had 2 spell levels left.
You didn't know any spells.

Dungeon Overview and Level Annotations

Branches:
Dungeon (2/15)

Altars:
Cheibriados
Dithmenos

Annotations:
D:2 Crazy Yiuf


Innate Abilities, Weirdness & Mutations

You are partially covered in sharp spines.


Message History

Found a mace.
There is an open door here.
Crazy Yiuf shouts!
You completely miss Crazy Yiuf. Crazy Yiuf is struck by your spines.
Crazy Yiuf hits you with a quarterstaff of chaos.
You are electrocuted!
Ouch! That really hurt!
You hit Crazy Yiuf.
Crazy Yiuf is moderately wounded.
Crazy Yiuf whimpers, "Shower bush water!"
Crazy Yiuf is struck by your spines.
Crazy Yiuf hits you with a quarterstaff of chaos!
* * * LOW HITPOINT WARNING * * *
Crazy Yiuf burns you.
* * * LOW HITPOINT WARNING * * *
It was a potion of flight.
You feel very buoyant.
You fly up into the air.
Crazy Yiuf hits you with a quarterstaff of chaos!
You die...

#####.#.#.###.##.#<####.#
#..........<.##.#.# #.#
##.##.#.#.######.#.# #.#
...##.##### ##### #.#
......# #.# ####.##
##.##### #.##### #####
#......# #..#..## ###..)#
#.####.#
#......####.'@g.# #.# #.#
##......#..##...#
#.####.#####
###...#.########
#.>.)....... #######
#.####.##### #.# #.# #
########## #.# #.# #
#.#.#.##.# #.# #.# #
#.#.#.##.#####.# #.# #
#.#.#..........####.# ##


You could see Crazy Yiuf.

Vanquished Creatures
  3 oozes
  A worm (D:2)
  3 dart slugs
  A leopard gecko (D:1)
  2 giant cockroaches (D:1)
  7 goblins
  3 hobgoblins
  4 jackals (D:2)
  A ball python (D:1)
  7 bats
  A frilled lizard (D:1)
  3 kobolds
  6 rats (D:1)
  A plant (D:1)
43 creatures vanquished.

Notes
Turn   | Place    | Note
-------+----------+-------------------------------------------
     0 | D:1      | slep the Demonspawn Wanderer began the quest for the Orb.
     0 | D:1      | slep set off with: 3 curare-tipped needles, a +2 blowgun, a +0 spear, a +0 falchion, a +0 robe, a bread ration
     0 | D:1      | Reached XP level 1. HP: 18/18 MP: 1/1
   187 | D:1      | Gained mutation: You are partially covered in sharp spines. [demonic ancestry]
   187 | D:1      | Reached XP level 2. HP: 24/24 MP: 2/2
   404 | D:1      | Reached XP level 3. HP: 15/30 MP: 3/3
   780 | D:2      | Found a snail-covered altar of Cheibriados.
  1092 | D:2      | Found a shadowy altar of Dithmenos.
  1259 | D:2      | Found a runed door.
  1263 | D:2      | Noticed Crazy Yiuf
  1268 | D:2      | Slain by Crazy Yiuf

Skill      XL: |  1 |
---------------+----+-----
Long Blades    | 2 |  2.6
Fighting       | |  3.9
Short Blades   | |  1.7
Throwing       | |  1.0
Dodging        | |  1.3
Stealth        | |  0.6
Evocations     | |  1.0

Action                   || total
-------------------------++-------
Melee: Falchion          ||   131
  Use: Potion            ||     2
 Stab: Sleeping          ||     1
  Eat: Chunk             ||     1
Armor: Robe              ||    13
Dodge: Dodged            ||    52
Block: Buckler           ||     2
       Rpst.: Falchion   ||    18
